 Dungeon Crawl Stone Soup version 0.31-a0-986-g5e6e4ef867 (webtiles) character file.

Game seed: 15702817055352382295

23 LadyBoffin the Chiller (level 3, -1/24 HPs)
             Began as a Merfolk Ice Elementalist on Nov 8, 2023.
             Was a Follower of Lugonu.
             Slain by a gnoll
             ... wielding a +0 spear
              (9 damage)
             ... on level 2 of the Dungeon.
             The game lasted 00:04:27 (550 turns).

LadyBoffin the Chiller (Merfolk Ice Elementalist)    Turns: 550, Time: 00:04:28

Health: -1/24      AC:  2    Str:  8    XL:     3   Next: 0%
Magic:  4/6        EV: 12    Int: 16    God:    Lugonu [*.....]
Gold:   75         SH:  0    Dex: 14    Spells: 5/6 levels left

rFire   . . .        g - +0 longbow
rCold   . . .        (shield currently unavailable)
rNeg    . . .        a - +0 robe
rPois   .            (no helmet)
rElec   .            (no cloak)
rCorr   .            (no gloves)
SInv    .            (no boots)
Will    .....        (no amulet)
Stlth   ++           (no ring)
HPRegen 0.24/turn    (no ring)
MPRegen 0.10/turn

%: no passive effects
@: no status effects
A: (nimble swimmer 2), mertail
a: Renounce Religion, Depart the Abyss


You were on level 2 of the Dungeon.
You worshipped Lugonu.
Lugonu was aware of your devotion.
You visited 1 branch of the dungeon, and saw 2 of its levels.

You collected 75 gold pieces.

Inventory:

Hand Weapons
 g - a +0 longbow (weapon)
Armour
 a - a +0 robe (worn)
Scrolls
 f - 3 scrolls of teleportation {unknown}
 j - a scroll of amnesia {unknown}
 k - a scroll of enchant armour {unknown}
Potions
 b - a potion of magic
 c - a potion of might {unknown}
 d - a potion of heal wounds {unknown}
 e - 3 potions of lignification {unknown}
 h - a potion of enlightenment {unknown}
 i - a potion of curing {unknown}


   Skills:
 + Level 0.2 Ranged Weapons
 + Level 2.7 Dodging
 + Level 2.3 Stealth
 + Level 2.1 Spellcasting
 + Level 5.0 Ice Magic


You had 5 spell levels left.
You knew the following spells:

 Your Spells              Type           Power      Damage    Failure   Level
a - Freeze                Ice            72%        1d8       2%          1

Your spell library contained the following spells:

 Spells                   Type           Power      Damage    Failure   Level
 Frozen Ramparts          Ice            36%        1d6       8%          3
 Ozocubu's Armour         Ice            18%        N/A       8%          3
 Cigotuvi's Dreadful Rot  Necr/Pois/Air  2%         N/A       30%         2
 Wereblood                Tmut           1%         N/A       30%         2
 Ignite Poison            Fire/Tmut/Pois 1%         N/A       52%         3
 Summon Ice Beast         Ice/Summ       9%         N/A       56%         4
 Freezing Cloud           Conj/Ice/Air   3%         6-21      96%         5
 Irradiate                Conj/Tmut      0%         3d11      99%         5


Dungeon Overview and Level Annotations

Branches:
Dungeon (2/15)

Altars:
Lugonu


Innate Abilities, Weirdness & Mutations

((You are very nimble when in or above water. (Stealth+, EV+, Speed+++)))
Your lower body shifts to a powerful aquatic tail in water.


Message History

Fire: g) +0 longbow
Press: ? - help, Q - select action, (/) - cycle Shift-Dir - straight line, f - jackal
Aim: a jackal (45% to hit)
You shoot an arrow. The arrow completely misses the jackal.
The jackal barely misses you.
Unknown command.
Casting: Freeze (safe; 3% risk of failure)
Confirm with . or Enter, or press ? or * to list all spells.
Aiming: Freeze (safe; 3% risk of failure)
Press: ? - help, Shift-Dir - straight line, f/p - jackal
Aim: a jackal You freeze the jackal.
The jackal is almost dead.
The jackal closely misses you. The gnoll barely misses you.
The jackal bites you.
Fire: g) +0 longbow
Press: ? - help, Q - select action, (/) - cycle Shift-Dir - straight line, f/p - jackal
Aim: a jackal (almost dead, 45% to hit)
You shoot an arrow. The arrow closely misses the jackal.
The arrow hits the jackal!
You kill the jackal!
Lugonu accepts your kill.
The jackal bites you but does no damage.
The gnoll barely misses you. The jackal closely misses you.
The gnoll hits you but does no damage.
Fire: g) +0 longbow
Press: ? - help, Q - select action, (/) - cycle Shift-Dir - straight line, f/p - jackal
Aim: a jackal (almost dead, 45% to hit)
You shoot an arrow. The arrow hits the jackal.
You kill the jackal!
Lugonu accepts your kill.
The gnoll hits you from afar with a +0 spear!
The gnoll hits you from afar with a +0 spear.
You have reached level 3!
Your experience leads to an increase in your attributes!
Increase (S)trength, (I)ntelligence, or (D)exterity?
You feel clever. x2
Unknown command.
The gnoll hits you with a +0 spear!
You die...

..######.####### #.....#.###
#........### #####...#
########...# ##..# ###........###
#..# ##...........#
#############..# ...#......##.#
+...#.......#..## ..####.#####.#
#...#.......#..†# ...##..# ###
+.g.#.......#.#.##
.......#########@###.......#.....
#...##.##......P.P............>..
.................................
.#.#...#.........................
##..#......................#.....
.##....##.........####...########
.##....##................#
....................######
....##.##............###


You could see a gnoll.

Vanquished Creatures
  2 dart slugs (D:2)
  2 ball pythons
  A bat (D:2)
  An endoplasm (D:1)
  A giant cockroach (D:1)
  A goblin (D:2)
  2 hobgoblins
  2 jackals (D:2)
  A quokka (D:2)
  A kobold (D:2)
  3 rats
17 creatures vanquished.

Notes
Turn   | Place    | Note
-------+----------+-------------------------------------------
     0 | D:1      | LadyBoffin the Merfolk Ice Elementalist began the quest for
                  | the Orb.
     0 | D:1      | Reached XP level 1. HP: 13/13 MP: 3/3
   201 | D:1      | You fall into a shaft and drop 1 floor!
   217 | D:2      | Reached XP level 2. HP: 19/19 MP: 3/5
   382 | D:2      | Reached skill level 5 in Ice Magic
   391 | D:2      | Found a faded altar of an unknown god.
   399 | D:2      | Prayed at the altar of an unknown god.
   399 | D:2      | Became a worshipper of Lugonu the Unformed
   399 | D:2      | Reached * piety under Lugonu
   550 | D:2      | Reached XP level 3. HP: 8/24 MP: 4/6
   550 | D:2      | Slain by a gnoll

Illustrated notes

Levels and vault maps discovered:
D:1:      dpeg_arrival_simpleton_a, layout_basic
D:2:      layout_rooms, hellmonk_ecumenical_altar_arch_garden,
          cheibrodos_gnoll_hut

Skill      XL: |  1  2 |
---------------+-------+-----
Ice Magic      | 5 |  5.0
Ranged Weapons | |  0.2
Dodging        | |  2.7
Stealth        | |  2.3
Spellcasting   | |  2.1

Action                     || total
---------------------------++-------
  Melee: Unarmed           ||     1
   Fire: Longbow           ||    21
   Cast: Freeze            ||    12
 Armour: Robe              ||    12
  Dodge: Dodged            ||    10

Table legend: (Time is in decaauts)
 A = Elapsed time spent in this place.
 B = Non-inter-level travel time spent in this place.
 C = Inter-level travel time spent in this place.
 D = Time resting spent in this place.
 E = Time spent auto-exploring this place.
 F = Levels seen in this place.
 G = Mean time per level.
                   A        B        C        D        E       F      G
               +--------+--------+--------+--------+--------+-----+--------+
         Total |    563 |    485 |     78 |     42 |    276 |   2 |  281.5 |
       Dungeon |    563 |    485 |     78 |     42 |    276 |   2 |  281.5 |
               +--------+--------+--------+--------+--------+-----+--------+

Top non-repeatable levels by time:
     D:2: 362 daAuts
     D:1: 201 daAuts
